AoeStats
← gabrielaA23

Lombardia

507177048Analyzed
3v3 RM · 16d ago on Sep 17, 2026· 46m 36s· 6 players
Game mode
Random Map
Map size
Normal (6 player)
Population
200
Speed
Normal
Resources
Standard
Victory
Conquest
Starting age
Dark Age
Ending age
Imperial Age
RankedLock teamsTeams togetherTeam positionsShared explorationLock speedFull tech treeHidden civsTurbo modeCheats
Victory
Defeat
🇦🇷 Bulgarians · Argentina
751
+15
745
+15
🇭🇷 Cumans · Croatia
718
+16
🇦🇷 Mongols · Argentina
785
-18
🇦🇷 Teutons · Argentina
766
-39
🇦🇷 Turks · Argentina
618
-12
Bobby Brad Phill Johnson Mcguire
9:51 Feudal Age
10:21 Double-Bit Axe
10:19 Horse Collar
21:09 Castle Age
20:07 Gold Mining
20:10 Stone Mining
20:12 Arson
20:33 Scale Mail Armor
20:44 Forging
22:04 Bow Saw
21:58 Heavy Plow
22:35 Wheelbarrow
23:25 Gold Shaft Mining
23:29 Stone Shaft Mining
23:21 Pikeman
25:31 Caravan
27:12 Chain Mail Armor
27:33 Iron Casting
28:25 Hand Cart
27:57 Town Watch
29:28 Town Patrol
29:59 Man-at-Arms
30:24 Gambesons
32:01 Long Swordsman
36:41 Imperial Age
38:28 Blast Furnace
37:59 Plate Mail Armor
36:52 Halberdier
36:52 Two-Handed Swordsman
38:50 Onager
40:17 Siege Onager
41:32 Murder Holes
41:57 Ballistics
42:38 Chemistry
41:19 Treadmill Crane
41:49 Masonry
41:17 Champion
43:51 Elite Woad Raider
46:31 Siege Engineers
47:24 Furor Celtica
47:05 Stronghold
Nahue
4:00 Loom
9:56 Feudal Age
10:29 Double-Bit Axe
10:27 Horse Collar
22:26 Castle Age
22:55 Gambesons
23:56 Stone Mining
24:54 Heavy Plow
25:07 Bow Saw
24:52 Gold Mining
25:58 Husbandry
28:25 Forging
30:13 Scale Barding Armor
29:44 Elite Skirmisher
30:18 Fletching
33:35 Wheelbarrow
38:40 Imperial Age
37:40 Padded Archer Armor
37:36 Bodkin Arrow
40:09 Hand Cart
39:46 Capped Ram
44:22 Gold Shaft Mining
44:00 Caravan
45:42 Crop Rotation
47:50 Iron Casting
47:36 Chain Barding Armor
Antheus Inmitis
0:47 Loom
10:38 Feudal Age
11:55 Double-Bit Axe
13:10 Wheelbarrow
17:01 Horse Collar
24:11 Castle Age
24:00 Gold Mining
24:17 Scale Barding Armor
24:23 Forging
25:51 Gold Shaft Mining
25:37 Heavy Plow
27:00 Bloodlines
27:16 Chain Barding Armor
27:33 Iron Casting
27:47 Bow Saw
30:34 Hand Cart
34:32 Stone Mining
41:31 Imperial Age
41:43 Cavalier
42:32 Caravan
43:47 Scale Mail Armor
44:23 Plate Barding Armor
44:49 Blast Furnace
43:23 Capped Ram
44:34 Siege Ram
44:48 Paladin
46:05 Conscription
gabrielaA23
13:41 Feudal Age
21:05 Castle Age
21:56 Double-Bit Axe
23:42 Bow Saw
25:42 Horse Collar
28:56 Heavy Plow
41:00 Scale Mail Armor
41:00 Padded Archer Armor
40:51 Fletching
41:10 Gold Mining
41:11 Stone Mining
shampi16
2:45 Loom
11:48 Feudal Age
12:24 Double-Bit Axe
12:31 Horse Collar
18:45 Castle Age
17:41 Bloodlines
22:56 Fletching
26:26 Padded Archer Armor
30:39 Gold Mining
30:39 Stone Mining
32:13 Bow Saw
32:44 Pikeman
37:05 Leather Archer Armor
36:45 Bodkin Arrow
40:34 Wheelbarrow
39:47 Town Watch
45:15 Imperial Age
45:23 Husbandry
44:44 Light Cavalry
45:23 Heavy Camel Rider
chemadc5965
10:23 Feudal Age
13:31 Double-Bit Axe
21:32 Castle Age
26:56 Gold Mining
26:56 Stone Mining
27:20 Bow Saw
33:40 Imperial Age
32:34 Wheelbarrow
36:27 Chemistry
38:30 Elite Teutonic Knight
Connection lost

Rejoining the realm…

Still unreachable

The connection could not be restored.

Session expired

The server has moved on; the page needs a fresh start.